 Dungeon Crawl Stone Soup version 0.28.0 (webtiles) character file.

Game seed: 5694070282505273075

466 Sanktem7 the Slasher (level 6, -1/56 HPs)
             Began as a Minotaur Fighter on Feb 9, 2022.
             Slain by a gnoll (12 damage)
             ... on level 4 of the Dungeon.
             The game lasted 00:06:53 (3568 turns).

Sanktem7 the Slasher (Minotaur Fighter)             Turns: 3568, Time: 00:06:53

Health: -1/56      AC:  7    Str: 23    XL:     6   Next: 81%
Magic:  5/5        EV:  9    Int:  5    God:
Gold:   164        SH:  4    Dex:  9    Spells: 5/5 levels left

rFire   . . .      SeeInvis .   a - +0 long sword
rCold   . . .      Faith    .   c - +0 buckler
rNeg    . . .      Spirit   .   b - +0 scale mail
rPois   .          Reflect  .   (helmet restricted)
rElec   .          Harm     .   (no cloak)
rCorr   .          Rampage  .   (no gloves)
Will    .....                   (no boots)
Stlth   ..........              o - amulet of the acrobat
HPRegen 0.18/turn               (no ring)
MPRegen 0.09/turn               (no ring)

@: no status effects
A: horns 2, retaliatory headbutt
a: no special abilities


You were on level 4 of the Dungeon.
You visited 1 branch of the dungeon, and saw 4 of its levels.

You collected 164 gold pieces.

Inventory:

Hand Weapons
 a - a +0 long sword (weapon)
Armour
 b - a +0 scale mail (worn)
 c - a +0 buckler (worn)
 r - a +0 pair of gloves
Jewellery
 o - an amulet of the acrobat (around neck)
Wands
 q - a wand of iceblast (7)
Scrolls
 f - a scroll of identify {unknown}
 k - a scroll of vulnerability {unknown}
 m - 2 scrolls of silence {unknown}
 p - a scroll of fog {unknown}
Potions
 d - 2 potions of might
 e - a potion of mutation {unknown}
 g - a potion of attraction {unknown}
 h - a potion of curing {unknown}
 i - a potion of flight {unknown}
 j - a potion of heal wounds {unknown}
 l - a potion of degeneration {unknown}
 n - a potion of lignification {unknown}


   Skills:
 * Level 5.2 Fighting
 + Level 5.5 Long Blades
 + Level 5.2 Armour
 + Level 1.3 Dodging
 * Level 2.0 Stealth
 + Level 4.3 Shields


You had 5 spell levels left.
You didn't know any spells.
Your spell library contained the following spells:

 Spells                   Type           Power      Damage    Failure   Level
 Sandblast                Erth           0%         2d4       86%         1
 Slow                     Hex            0%         N/A       86%         1
 Passwall                 Tmut/Erth      0%         N/A       94%         2
 Confusing Touch          Hex            0%         N/A       99%         3
 Ozocubu's Armour         Ice            0%         N/A       99%         3
 Stone Arrow              Conj/Erth      0%         3d7       99%         3
 Vampiric Draining        Necr           0%         2d6       99%         3
 Cause Fear               Hex            0%         N/A       100%        4
 Metabolic Englaciation   Hex/Ice        0%         N/A       100%        5
 Simulacrum               Ice/Necr       0%         N/A       100%        6
 Dragon Form              Tmut           0%         N/A       100%        7
 Dragon's Call            Summ           0%         N/A       100%        9


Dungeon Overview and Level Annotations

Branches:
Dungeon (4/15)
 Temple: D:4-7

Altars:


Innate Abilities, Weirdness & Mutations

You have a pair of horns on your head.
You reflexively headbutt those who attack you in melee.


Message History

You barely miss the gnoll.
The gnoll shouts!
Your headbutt misses the gnoll. The gnoll hits you with a +0 flail!
The gnoll hits you with a +0 club.
You closely miss the gnoll. You headbutt the gnoll.
The gnoll is lightly wounded.
You block the gnoll's attack.
You barely miss the gnoll. Your headbutt misses the gnoll.
The gnoll hits you but does no damage.
You hit the gnoll.
The gnoll is lightly wounded.
You block the gnoll's attack.
You slash the gnoll! You headbutt the gnoll.
You kill the gnoll!
You hit the gnoll.
The gnoll is lightly wounded.
The gnoll completely misses you.
You hit the gnoll. You headbutt the gnoll.
The gnoll is heavily wounded.
The gnoll hits you from afar with a +0 halberd!
The gnoll hits you with a +0 flail!
You barely miss the gnoll. You headbutt the gnoll.
The gnoll is moderately wounded.
The gnoll hits you but does no damage. x3
You closely miss the gnoll.
The gnoll is moderately wounded.
You block the gnoll's attack. The gnoll barely misses you.
You furiously retaliate!
You headbutt the gnoll. The gnoll hits you with a +0 flail!
The gnoll hits you from afar with a +0 halberd.
You slash the gnoll!
You kill the gnoll!
The gnoll hits you with a +0 flail!
The gnoll hits you from afar with a +0 halberd.
* * * LOW HITPOINT WARNING * * *
Your Stealth skill increases to level 2!
You slash the gnoll!
You kill the gnoll!
The gnoll hits you from afar with a +0 halberd!
You die...

.###.##.# .#. .. .........
....
##.###.##.....#####..##
....................... .
.... ...............##
#####.###.#...............
..........#....#.g......#
..........#....#)######.#
..........#....#@)......#
........................
..........#....#..#####.
##>..................
..........)............
...............#..#####
......#...........#
.#..#.#.............
.#..#.#...#.#..#...#


You could see a gnoll.

Vanquished Creatures
  An ice beast (D:4)
  A necrophage (D:4)
  A bullfrog skeleton (D:4)
  A centaur skeleton (D:4)
  An orc wizard (D:4)
  A hound skeleton (D:4)
  Robin (D:3)
  6 gnolls (D:4)
  3 adders
  A worm (D:4)
  4 dart slugs
  3 orcs (D:4)
  7 ball pythons
  3 bats
  9 endoplasms
  2 giant cockroaches
  13 goblins
  12 hobgoblins
  7 jackals
  4 quokkas
  5 frilled lizards
  7 kobolds
  5 rats
98 creatures vanquished.

Vanquished Creatures (others)
  An endoplasm (D:4)
1 creature vanquished.

Grand Total: 99 creatures vanquished

Notes
Turn   | Place    | Note
-------+----------+-------------------------------------------
     0 | D:1      | Sanktem7 the Minotaur Fighter began the quest for the Orb.
     0 | D:1      | Reached XP level 1. HP: 19/19 MP: 0/0
    80 | D:1      | Reached XP level 2. HP: 27/27 MP: 1/1
   540 | D:1      | Found a faded altar of an unknown god.
   932 | D:2      | Reached XP level 3. HP: 30/33 MP: 2/2
  1721 | D:3      | Reached XP level 4. HP: 37/40 MP: 3/3
  2091 | D:3      | Noticed Robin
  2118 | D:3      | Killed Robin
  2881 | D:4      | Reached skill level 1 in Stealth
  2881 | D:4      | Reached XP level 5. HP: 47/47 MP: 4/4
  2976 | D:4      | Reached skill level 1 in Dodging
  3178 | D:4      | Noticed an ice beast
  3187 | D:4      | Killed an ice beast
  3188 | D:4      | Reached skill level 5 in Fighting
  3188 | D:4      | Reached skill level 5 in Armour
  3188 | D:4      | Reached XP level 6. HP: 28/56 MP: 5/5
  3422 | D:4      | Reached skill level 5 in Long Blades
  3568 | D:4      | Slain by a gnoll

Illustrated notes

Levels and vault maps discovered:
D:1:      amcnicky_arrival_abandoned_market, layout_loops_ring,
          hellmonk_ecumenical_altar_blasted, grunt_decor_one_mirror,
          dk_noncrumbling_2
D:2:      minmay_diamond_boxcup, layout_rooms
D:3:      layout_loops_corners, uniq_robin
D:4:      layout_basic, lemuel_flame_loot_1, uniq_sigmund

Skill      XL: |  1  2  3  4  5  6 |
---------------+-------------------+-----
Armour         | 4 5 |  5.2
Fighting       | 4 5 |  5.2
Shields        | 4 |  4.3
Long Blades    | 3 4 5 |  5.5
Stealth        | 1 2 |  2.0
Dodging        | 1 |  1.3

Action                   |  1- 3 |  4- 6 || total
-------------------------+-------+-------++-------
Melee: Long sword        |    88 |   128 ||   216
       Headbutt          |     9 |    17 ||    26
  Use: Scroll            |     2 |       ||     2
Armor: Scale mail        |    46 |    53 ||    99
Dodge: Dodged            |    37 |    54 ||    91
Block: Buckler           |    32 |    30 ||    62
